[Event "SRB-chW Semifinal 2021"]
[Site "Paracin"]
[Date "2021.03.20"]
[Round "7.12"]
[White "Ostojic, Katarina"]
[Black "Srdanovic, Jovana"]
[Result "1/2-1/2"]
[ECO "D15"]
[WhiteElo "2013"]
[BlackElo "2109"]
[Annotator "NA"]
[PlyCount "40"]
[EventDate "2021.03.16"]
[EventType "swiss"]
[EventCountry "SRB"]
[SourceTitle "playchess.com"]
[Source "ChessBase"]
[SourceQuality "1"]
[TimeControl "40/5400+30:1800+30"]

1. d4 d5 2. c4 c6 3. Nc3 Nf6 4. Nf3 a6 5. e3 Bf5 6. Bd3 Bxd3 7. Qxd3 e6 8. O-O Nbd7 9. e4 dxe4 10. Nxe4 Nxe4 11. Qxe4 Nf6 12. Qe2 Be7 13. Re1 O-O 14. Bg5 h6 15. Bf4 Re8 16. Rad1 Qa5 17. a3 Qf5 18. Qe5 Qc2 19. Qe2 Qf5 20. Qe5 Qc2 1/2-1/2

[Event "SRB-chW Semifinal 2021"]
[Site "Paracin"]
[Date "2021.03.20"]
[Round "7.13"]
[White "Vujcic, Milena"]
[Black "Djukic, Sandra"]
[Result "1/2-1/2"]
[ECO "B15"]
[WhiteElo "2069"]
[BlackElo "2137"]
[Annotator "NA"]
[PlyCount "74"]
[EventDate "2021.03.16"]
[EventType "swiss"]
[EventCountry "SRB"]
[SourceTitle "playchess.com"]
[Source "ChessBase"]
[SourceQuality "1"]
[TimeControl "40/5400+30:1800+30"]

1. e4 c6 2. d4 d5 3. Nc3 dxe4 4. Nxe4 Nf6 5. Nxf6+ exf6 6. c3 Bd6 7. Bd3 O-O 8. Ne2 Re8 9. O-O Nd7 10. Qc2 Nf8 11. Be3 Qc7 12. h3 Be6 13. c4 Ng6 14. Bf5 Qd7 15. Bxe6 Qxe6 16. Rfe1 Bc7 17. Rad1 Qd6 18. Ng3 h5 19. d5 c5 20. b4 b6 21. bxc5 bxc5 22. Qa4 h4 23. Nf1 Reb8 24. Qa3 Rb4 25. Rc1 Ne5 26. Nd2 Nd7 27. Nf3 Ne5 28. Nd2 f5 29. Rc2 a5 30. Bf4 f6 31. Qe3 Re8 32. Kh1 Rbb8 33. Nb3 Bb6 34. Rce2 Qd7 35. Qc3 a4 36. Nd2 Bc7 37. Bh2 Ra8 1/2-1/2

[Event "SRB-chW Semifinal 2021"]
[Site "Paracin"]
[Date "2021.03.20"]
[Round "7.14"]
[White "Chelushkina, Irina"]
[Black "Grozdanovic, Anastasia"]
[Result "1-0"]
[ECO "A06"]
[WhiteElo "2203"]
[BlackElo "1817"]
[Annotator "NA"]
[PlyCount "150"]
[EventDate "2021.03.16"]
[EventType "swiss"]
[EventCountry "SRB"]
[SourceTitle "playchess.com"]
[Source "ChessBase"]
[SourceQuality "1"]
[TimeControl "40/5400+30:1800+30"]

1. g3 d5 2. Nf3 c5 3. c4 d4 4. Bg2 Nc6 5. d3 e5 6. a3 f6 7. O-O Be6 8. e3 a5 9. exd4 cxd4 10. Re1 Qd7 11. Nbd2 Bd6 12. Ne4 Nge7 13. Rb1 O-O 14. Bd2 b6 15. Nxd6 Qxd6 16. b4 axb4 17. axb4 Ra7 18. b5 Nd8 19. Bb4 Qd7 20. Ra1 Rxa1 21. Qxa1 Rf7 22. Nd2 Nc8 23. Qb2 h6 24. Ne4 Kh7 25. Qc1 Nb7 26. f4 Ne7 27. Nf2 Ng6 28. h4 Bg4 29. Bc6 Qc8 30. Bd5 Rc7 31. fxe5 fxe5 32. Be4 Bf5 33. Bg2 Nc5 34. h5 Nf8 35. Rxe5 Nxd3 36. Nxd3 Bxd3 37. Qf4 Rxc4 38. Bxf8 Rc1+ 39. Kh2 Rc7 40. Bd6 Rc2 41. Qxd4 Rxg2+ 42. Kxg2 Qc2+ 43. Qf2 Be4+ 44. Rxe4 Qxe4+ 45. Kh2 Qd5 46. Qc2+ Kh8 47. Qg6 Qxb5 48. Qg4 Qb2+ 49. Kh3 Qb1 50. Qf3 Qe1 51. g4 b5 52. Bg3 Qb4 53. Be5 Qe7 54. Qa8+ Kh7 55. Qe4+ Kh8 56. Qe3 Kg8 57. Qb3+ Kh8 58. Qxb5 Qa3+ 59. Bg3 Qa1 60. Qe8+ Kh7 61. Qe4+ Kh8 62. Kg2 Qa2+ 63. Bf2 Qb2 64. Kg3 Qb8+ 65. Qf4 Qb3+ 66. Be3 Qd1 67. Bd4 Qe1+ 68. Qf2 Qe7 69. Qe3 Qc7+ 70. Qe5 Qb7 71. g5 Qb3+ 72. Bc3 Qf7 73. gxh6 Kg8 74. Qxg7+ Qxg7+ 75. hxg7 Kh7 1-0

[Event "SRB-chW Semifinal 2021"]
[Site "Paracin"]
[Date "2021.03.20"]
[Round "7.15"]
[White "Djordjevic, Nevena"]
[Black "Dimitrijevic, Andjela"]
[Result "1-0"]
[ECO "D20"]
[WhiteElo "1999"]
[BlackElo "1830"]
[Annotator "NA"]
[PlyCount "77"]
[EventDate "2021.03.16"]
[EventType "swiss"]
[EventCountry "SRB"]
[SourceTitle "playchess.com"]
[Source "ChessBase"]
[SourceQuality "1"]
[TimeControl "40/5400+30:1800+30"]

1. d4 d5 2. c4 dxc4 3. e3 e5 4. Bxc4 exd4 5. exd4 Bd6 6. Nf3 Nf6 7. Qe2+ Qe7 8. Qxe7+ Bxe7 9. O-O O-O 10. Re1 Bd6 11. Bg5 Nfd7 12. Ne5 Nb6 13. Bb3 c5 14. Nxf7 Bxh2+ 15. Kxh2 c4 16. Bc2 Kxf7 17. Nc3 Kg8 18. f3 Na6 19. Be4 Nc7 20. Be7 Rf7 21. Bc5 Ne6 22. Nb5 Nd7 23. Bd5 Ndxc5 24. dxc5 Re7 25. Nd4 Kf7 26. Nf5 Bd7 27. Nxe7 Kxe7 28. Bxb7 Rb8 29. c6 Bc8 30. Rad1 Bxb7 31. Rd7+ Kf6 32. cxb7 Nc5 33. Rc7 Nd3 34. Ree7 Nxb2 35. Rc8 c3 36. Rxb8 c2 37. Rc7 Nd3 38. Rf8+ Kg6 39. b8=Q 1-0

[Event "SRB-chW Semifinal 2021"]
[Site "Paracin"]
[Date "2021.03.21"]
[Round "8.11"]
[White "Ostojic, Katarina"]
[Black "Manakova, Maria"]
[Result "1/2-1/2"]
[ECO "A46"]
[WhiteElo "2013"]
[BlackElo "2271"]
[Annotator "ChessBase"]
[PlyCount "42"]
[EventDate "2021.03.16"]
[EventType "swiss"]
[EventCountry "SRB"]
[SourceTitle "playchess.com"]
[Source "ChessBase"]
[SourceQuality "1"]
[TimeControl "40/5400+30:1800+30"]

1. d4 Nf6 2. Nf3 e6 3. Bf4 b6 4. e3 Bb7 5. h3 Be7 6. Bd3 O-O 7. c3 d5 8. Nbd2 c5 9. Qe2 Nbd7 10. O-O a6 11. Ne5 Nxe5 12. dxe5 Nd7 13. Bg3 Re8 14. f4 g6 15. Nf3 b5 16. h4 c4 17. Bc2 Nc5 18. Rad1 h5 19. Be1 Kg7 20. Bb1 Qc7 21. Nd4 Ne4 1/2-1/2

[Event "SRB-chW Semifinal 2021"]
[Site "Paracin"]
[Date "2021.03.21"]
[Round "8.12"]
[White "Gajcin, Marina"]
[Black "Chelushkina, Irina"]
[Result "1-0"]
[ECO "B30"]
[WhiteElo "2227"]
[BlackElo "2203"]
[Annotator "ChessBase"]
[PlyCount "97"]
[EventDate "2021.03.16"]
[EventType "swiss"]
[EventCountry "SRB"]
[SourceTitle "playchess.com"]
[Source "ChessBase"]
[SourceQuality "1"]
[TimeControl "40/5400+30:1800+30"]

1. e4 c5 2. Nf3 Nc6 3. Bb5 e6 4. O-O Nge7 5. d4 cxd4 6. Nxd4 Qb6 7. Nxc6 bxc6 8. Be2 Ng6 9. Nc3 Be7 10. Na4 Qa5 11. c4 O-O 12. Be3 d6 13. a3 Qe5 14. Nc3 Nf4 15. Bf3 Qf6 16. e5 dxe5 17. Bxc6 Rb8 18. b4 Qg6 19. Qf3 Rb6 20. Bxb6 axb6 21. Ne2 Bg5 22. a4 f5 23. a5 bxa5 24. Rxa5 Qf6 25. Nxf4 Bxf4 26. Rd1 Qe7 27. c5 Qc7 28. g3 Bg5 29. Ba8 e4 30. Qa3 Qe5 31. Qa1 Qb8 32. b5 e3 33. Bf3 exf2+ 34. Kxf2 f4 35. g4 h5 36. h3 Bf6 37. Qc1 Qe5 38. b6 Bb7 39. Ra2 Bxf3 40. Kxf3 Qg5 41. Qc2 e5 42. Ra4 Be7 43. b7 Qh4 44. Qb3+ Kh8 45. b8=Q Qxh3+ 46. Ke4 Qg2+ 47. Kd3 f3 48. Qxe5 Rd8+ 49. Ke4 1-0

[Event "SRB-chW Semifinal 2021"]
[Site "Paracin"]
[Date "2021.03.21"]
[Round "8.13"]
[White "Srdanovic, Jovana"]
[Black "Drljevic, Ljilja"]
[Result "0-1"]
[ECO "A46"]
[WhiteElo "2109"]
[BlackElo "2200"]
[Annotator "ChessBase"]
[PlyCount "58"]
[EventDate "2021.03.16"]
[EventType "swiss"]
[EventCountry "SRB"]
[SourceTitle "playchess.com"]
[Source "ChessBase"]
[SourceQuality "1"]
[TimeControl "40/5400+30:1800+30"]

1. d4 Nf6 2. Nf3 e6 3. Bf4 c5 4. e3 Be7 5. Nbd2 Nh5 6. Bxb8 Rxb8 7. Ne5 Nf6 8. c3 O-O 9. Bd3 d6 10. Nef3 b5 11. O-O Bd7 12. Re1 b4 13. dxc5 bxc3 14. bxc3 d5 15. Ne5 Be8 16. Qc2 Qc7 17. Nef3 Qxc5 18. c4 Qa3 19. Nb3 Ba4 20. Qe2 Rfc8 21. Nfd2 Bd7 22. Red1 a5 23. cxd5 Nxd5 24. Nc4 Qa4 25. Rac1 Bf6 26. Qd2 Bb5 27. Ncxa5 Bc3 28. Qc2 g6 29. Bxb5 Qxb5 0-1

[Event "SRB-chW Semifinal 2021"]
[Site "Paracin"]
[Date "2021.03.21"]
[Round "8.14"]
[White "Gogic, Anastasija"]
[Black "Djukic, Sandra"]
[Result "0-1"]
[ECO "A13"]
[WhiteElo "1868"]
[BlackElo "2137"]
[Annotator "ChessBase"]
[PlyCount "84"]
[EventDate "2021.03.16"]
[EventType "swiss"]
[EventCountry "SRB"]
[SourceTitle "playchess.com"]
[Source "ChessBase"]
[SourceQuality "1"]
[TimeControl "40/5400+30:1800+30"]

1. c4 e6 2. g3 d5 3. Bg2 Nf6 4. Nf3 c5 5. O-O Nc6 6. d3 Be7 7. Nbd2 O-O 8. b3 d4 9. Ba3 h6 10. Ne1 Qc7 11. e3 e5 12. Ne4 Nxe4 13. Bxe4 Be6 14. Bd5 Bh3 15. Ng2 Kh7 16. Qh5 Bxg2 17. Kxg2 g6 18. Qh3 Kg7 19. Bc1 h5 20. f4 exf4 21. Rxf4 Nb4 22. Bd2 Nxd5 23. cxd5 dxe3 24. Bc3+ Kg8 25. Raf1 Qd6 26. Rf6 Qxd5+ 27. Kg1 Bxf6 28. Bxf6 e2 29. Re1 Rfe8 30. Qh4 Qxd3 31. Qg5 Qe3+ 32. Kg2 Qxg5 33. Bxg5 Re4 34. Kf2 Rae8 35. Bf6 R8e6 36. Bc3 b5 37. h3 g5 38. Bd2 f6 39. a3 Kf7 40. Rc1 e1=Q+ 41. Bxe1 Re2+ 42. Kf1 Rxe1+ 0-1

[Event "SRB-chW Semifinal 2021"]
[Site "Paracin"]
[Date "2021.03.21"]
[Round "8.15"]
[White "Jurisic, Iskra"]
[Black "Djordjevic, Nevena"]
[Result "0-1"]
[ECO "A45"]
[WhiteElo "1713"]
[BlackElo "1999"]
[Annotator "NA"]
[PlyCount "108"]
[EventDate "2021.03.16"]
[EventType "swiss"]
[EventCountry "SRB"]
[SourceTitle "playchess.com"]
[Source "ChessBase"]
[SourceQuality "1"]
[TimeControl "40/5400+30:1800+30"]

1. d4 Nf6 2. Nc3 d5 3. Bf4 Bf5 4. f3 e6 5. g4 Bg6 6. h4 h5 7. g5 Nfd7 8. e3 Bd6 9. Bxd6 cxd6 10. Bd3 Bxd3 11. Qxd3 g6 12. Nge2 Nc6 13. a3 a6 14. Nf4 Ne7 15. e4 dxe4 16. fxe4 Qc7 17. Rf1 O-O-O 18. O-O-O Nb6 19. d5 e5 20. Nfe2 Rhf8 21. Kb1 Kb8 22. Nc1 Nc4 23. N3a2 Rc8 24. Rf3 Ng8 25. Rdf1 Qe7 26. Nb3 f5 27. Nc3 f4 28. Nd1 Qd7 29. Rg1 Ne7 30. Nd2 Nxd2+ 31. Qxd2 Rc4 32. Qe2 Rc7 33. Rb3 Ka8 34. Qf3 Nc8 35. Nc3 Rc5 36. Rg2 Ka7 37. Ka1 Nb6 38. Kb1 Nc4 39. Nd1 Rfc8 40. Qd3 Ka8 41. Ka1 Na5 42. Rc3 Rxc3 43. Nxc3 Nc4 44. Rg1 Ne3 45. Re1 Qh3 46. Ka2 Qxh4 47. Rxe3 fxe3 48. Qxe3 Qf4 49. Qb6 Qf8 50. Qe3 Qf1 51. Qb6 Qc4+ 52. Ka1 Rf8 53. Qxd6 Rf1+ 54. Nb1 Qxc2 0-1